 Dungeon Crawl Stone Soup version 0.16.1-11-g651b585 (webtiles) character file.

246 Magnus the Charmwright (level 5, 0/42 HPs)
             Began as a Demonspawn Skald on Apr 5, 2015.
             Slain by an iguana (8 damage)
             ... on level 3 of the Dungeon.
             The game lasted 00:21:20 (5046 turns).

Magnus the Charmwright (Demonspawn Skald)           Turns: 5046, Time: 00:21:20

Health: 0/42       AC:  4    Str: 13    XL:     5   Next: 84%
Magic:  3/9        EV: 11    Int: 13    God:
Gold:   151        SH:  0    Dex: 13    Spells: 3 memorised, 1 level left

rFire  . . .     SeeInvis .     a - +0 spear
rCold  . . .     Clarity  .     b - +0 leather armour
rNeg   . . .     SustAb   .     (no shield)
rPois  .         Gourm    .     (no helmet)
rElec  .         Spirit   .     (no cloak)
rCorr  .         Warding  .     m - +0 pair of gloves
rMut   .         Stasis   .     (no boots)
MR     .....                    (no amulet)
Stlth  ++........               (no ring)
                                (no ring)

@: very slightly contaminated, starving, not resistant to hostile enchantments,
unstealthy
A: claws 1, nightstalker 1, powered by pain 1
a: no special abilities


You were on level 3 of the Dungeon.
You were starving.

You visited 1 branch of the dungeon, and saw 4 of its levels.

You collected 151 gold pieces.

Inventory:

Hand weapons
 a - a +0 spear (weapon)
 s - a +0 trident
Armour
 b - a +0 leather armour (worn)
 m - a +0 pair of gloves (worn)
 p - a +0 ring mail
 x - a +0 plate armour
Scrolls
 g - a scroll of enchant weapon {unknown}
 i - a scroll of enchant armour {unknown}
 k - 8 scrolls of identify {unknown}
 l - a scroll of recharging {unknown}
 n - 3 scrolls of teleportation {unknown}
 o - 2 scrolls of remove curse {unknown}
 r - a scroll of magic mapping {unknown}
Potions
 e - a potion of mutation {unknown}
 f - a potion of cure mutation {unknown}
 h - a potion of resistance {unknown}
 q - a potion of invisibility {unknown}
 u - a potion of magic {unknown}
 v - a potion of curing {unknown}
Books
 c - a book of Battle

   Spells                             Type                      Level
   a - Infusion                       Charms                       1
   b - Shroud of Golubria             Charms/Translocation         2
   c - Song of Slaying                Charms                       2
   d - Spectral Weapon                Hexes/Charms                 3
   e - Regeneration                   Charms/Necromancy            3
Comestibles
 d - 2 bread rations
 j - 2 meat rations
 t - 2 beef jerkies


   Skills:
 + Level 3.8 Fighting
 + Level 3.6 Polearms
 - Level 0.8 Armour
 - Level 0.8 Dodging
 - Level 2.0 Spellcasting
 + Level 4.0 Charms


You had one spell level left.
You knew the following spells:

 Your Spells              Type           Power        Failure   Level  Hunger
a - Infusion              Chrm           ##....       8%          1    ##.....
b - Spectral Weapon       Hex/Chrm       #.......     41%         3    ####...
c - Regeneration          Chrm/Necr      #.........   41%         3    ####...


Dungeon Overview and Level Annotations

Branches:
Dungeon (4/15)
 Temple: D:4-7

Altars:
Fedhas
Qazlal


Innate Abilities, Weirdness & Mutations

You have sharp fingernails.
You are slightly more attuned to the shadows.
You sometimes gain a little power by taking damage.


Message History

Strange energies run through your body. The iguana bites you.
Casting: Spectral Weapon
Confirm with . or Enter, or press ? or * to list all spells.
You draw out your weapon's spirit!
You are starving!
You are no longer magically infusing your attacks.
The iguana bites you.
* * * LOW HITPOINT WARNING * * *
You hit the iguana but do no damage.
The iguana is moderately wounded.
Your spectral weapon hits the iguana from afar.
The iguana bites you but does no damage.
You hit the iguana but do no damage.
The iguana is heavily wounded.
Your spectral weapon closely misses the iguana.
You barely miss the iguana.
The iguana is heavily wounded.
Your spectral weapon hits the iguana but does no damage.
The iguana bites you!
You die...

..##########.#..........#.######+
..##.........#.########.#..# #.
........^....#.# #.##.# #.
.............#.## #.##.## #.
.............#..## ###'##..####.
........##...#...####.........##.
.###.......#####..............##.
.# #.......#...(..............##.
.###......##....@###..........##.
...+......+#...l.###..#.####.#...
.###.......#......##...†.# #...#.
................_........# ##..#.
.........)#..##......#...# #..#.
.....>.)..#..###.....#...# ##.#)
....####.##..###.....#...# #...
....# #.##..........#...# #...
....# #.##......#####..## #..)


You could see an iguana and a friendly spectral spear.

Vanquished Creatures
  2 orc wizards (D:3)
  2 orc priests (D:3)
  5 adders
  2 worms
  2 giant geckos (D:2)
  An ooze (D:3)
  10 orcs
  10 bats
  3 hobgoblins
  A quokka (D:3)
  A ball python (D:4)
  6 giant cockroaches
  3 giant newts
  9 goblins
  7 kobolds
  14 rats
78 creatures vanquished.

Notes
Turn   | Place    | Note
--------------------------------------------------------------
     0 | D:1      | Magnus, the Demonspawn Skald, began the quest for the Orb.
     0 | D:1      | Reached XP level 1. HP: 16/16 MP: 3/3
   451 | D:1      | Gained mutation: You have sharp fingernails. [demonic ancestry]
   451 | D:1      | Reached XP level 2. HP: 22/22 MP: 4/4
   489 | D:1      | Reached skill level 3 in Charms
  1439 | D:2      | Reached XP level 3. HP: 28/28 MP: 6/6
  1451 | D:2      | Learned a level 3 spell: Spectral Weapon
  2184 | D:3      | Gained mutation: You sometimes gain a little power by taking damage. [demonic ancestry]
  2184 | D:3      | Reached XP level 4. HP: 21/34 MP: 2/7
  2305 | D:3      | Learned a level 3 spell: Regeneration
  2810 | D:3      | Found a blossoming altar of Fedhas.
  2909 | D:3      | Found a stormy altar of Qazlal.
  2990 | D:3      | Gained mutation: You are slightly more attuned to the shadows. [demonic ancestry]
  2990 | D:3      | Reached XP level 5. HP: 39/41 MP: 5/9
  3573 | D:3      | Reached skill level 4 in Charms
  5046 | D:3      | Slain by an iguana

Action                   |  1- 3 |  4- 6 || total
-------------------------+-------+-------++-------
Melee: Spear             |   163 |   220 ||   383
 Cast: Spectral Weapon   |       |     5 ||     5
       Infusion          |       |     8 ||     8
       Regeneration      |       |     1 ||     1
 Stab: Distracted        |       |     2 ||     2
  Eat: Chunk             |     3 |    10 ||    13
